 Dungeon Crawl Stone Soup version 0.21.1-1-g345015f (webtiles) character file.

354 torrenera the Grave Robber (level 6, 0/55 HPs)
             Began as a Deep Dwarf Necromancer on Apr 24, 2018.
             Slain by a gnoll
             ... wielding a +0 halberd
              (6 damage)
             ... on level 5 of the Dungeon.
             The game lasted 00:11:05 (3919 turns).

torrenera the Grave Robber (Deep Dwarf Necromancer) Turns: 3919, Time: 00:11:05

Health: 0/55       AC:  5    Str: 13    XL:     6   Next: 35%
Magic:  1/8        EV: 12    Int: 16    God:
Gold:   90         SH:  0    Dex: 13    Spells: 3/8 levels left

rFire    . . .     SeeInvis .   a - +0 dagger (drain)
rCold    . . .     Gourm    .   (no shield)
rNeg     . . .     Faith    .   f - +0 leather armour
rPois    .         Spirit   .   q - +0 helmet
rElec    .         Reflect  .   (no cloak)
rCorr    .         Harm     .   j - +0 pair of gloves
MR       .....                  (no boots)
Stlth    ++........             (no amulet)
HPRegen  0.00/turn              (no ring)
MPRegen  0.11/turn              (no ring)

@: non-regenerating
A: damage resistance, heal wounds, sense surroundings 1, no regeneration
a: Heal Wounds


You were on level 5 of the Dungeon.
You were not hungry.

You visited 1 branch of the dungeon, and saw 5 of its levels.

You collected 90 gold pieces.

Inventory:

Hand Weapons
 a - a +0 dagger of draining (weapon)
 b - a +0 hunting sling
 d - a +0 hand axe
 u - a +0 war axe
 w - a +0 dagger of draining
 x - a +2 halberd of freezing
Missiles
 e - 157 stones (quivered)
Armour
 f - a +0 leather armour (worn)
 j - a +0 pair of gloves (worn)
 k - a +0 ring mail
 q - a +0 helmet (worn)
Scrolls
 g - 2 scrolls of identify {unknown}
 i - a scroll of magic mapping {unknown}
 m - a scroll of immolation {unknown}
 s - a scroll of remove curse {unknown}
 t - a scroll of fog {unknown}
 v - a scroll of teleportation {unknown}
 y - a scroll of fear {unknown}
Potions
 n - a potion of magic {unknown}
 o - a potion of agility {unknown}
 p - a potion of flight {unknown}
Books
 r - a book of Necromancy

   Spells                             Type                      Level
   a - Pain                           Necromancy                   1
   b - Animate Skeleton               Necromancy                   1
   c - Vampiric Draining              Necromancy                   3
   d - Regeneration                   Charms/Necromancy            3
   e - Animate Dead                   Necromancy                   4
   f - Borgnjor's Vile Clutch         Necromancy/Earth             5
Comestibles
 c - 4 rations
 l - a chunk of flesh


   Skills:
 * Level 2.5 Fighting
 - Level 2.1 Dodging
 - Level 2.4 Stealth
 - Level 1.7 Spellcasting
 + Level 7.7 Necromancy


You had 3 spell levels left.
You knew the following spells:

 Your Spells              Type           Power        Failure   Level  Hunger
a - Pain                  Necr           ####         1%          1    ##.....
b - Animate Skeleton      Necr           N/A          1%          1    ##.....
c - Vampiric Draining     Necr           ####......   3%          3    ####...


Dungeon Overview and Level Annotations

Branches:
Dungeon (5/15)
 Temple: D:4-7

Altars:
Fedhas
Kikubaaqudgha
Nemelex Xobeh

Annotations:
D:4 Blork the orc


Innate Abilities, Weirdness & Mutations

You are resistant to damage.
You can heal yourself by infusing magical energy.
You passively map a small area around you.
You do not regenerate.


Message History

You hit the gnoll but do no damage.
The gnoll is heavily wounded.
The leopard gecko zombie bites you but does no damage.
The gnoll closely misses you. x2
You hit the gnoll.
The gnoll is severely wounded.
The leopard gecko zombie bites you but does no damage.
The gnoll barely misses you. The gnoll hits you with a halberd!
* * * LOW HITPOINT WARNING * * *
Casting: Vampiric Draining
Confirm with . or Enter, or press ? or * to list all spells.
Aiming: Vampiric Draining
Press: ? - help, Shift-Dir - straight line, f - gnoll
Aim: a gnoll, wielding a halberd The gnoll is severely wounded.
You feel life coursing into your body.
The leopard gecko zombie barely misses you.
The gnoll hits you with a halberd!
You die...

* , , , #.#,
,..
###..###., *
.......## *
, *#.......,
, * #......#
, , ,
#......#####
,
#..g.g......
#...@Z.# *
#....<.# ,,
#...(..# ,
#......# ,
######## * ,
,


You could see 2 gnolls and a leopard gecko zombie.

Vanquished Creatures
  A centaur (D:4)
  A jelly (D:2)
  Natasha (twice) (D:2)
  Robin (D:3)
  3 gnolls (D:3)
  6 adders
  An ooze (D:4)
  A dart slug (D:2)
  A leopard gecko (D:1)
  6 orcs
  A ball python (D:2)
  9 bats
  6 giant cockroaches
  11 goblins
  12 hobgoblins
  2 jackals (D:2)
  11 kobolds
  2 quokkas (D:3)
  5 frilled lizards
  4 rats
86 creatures vanquished.

Vanquished Creatures (collateral kills)
  A quokka (D:2)
  A bat (D:2)
  A frilled lizard (D:2)
3 creatures vanquished.

Vanquished Creatures (others)
  A hobgoblin (D:3)
1 creature vanquished.

Grand Total: 90 creatures vanquished

Notes
Turn   | Place    | Note
-------+----------+-------------------------------------------
     0 | D:1      | torrenera the Deep Dwarf Necromancer began the quest for the Orb.
     0 | D:1      | Reached XP level 1. HP: 15/15 MP: 3/3
   395 | D:1      | Reached XP level 2. HP: 9/24 MP: 0/4
   401 | D:1      | Learned a level 1 spell: Animate Skeleton
   699 | D:1      | Reached skill level 5 in Necromancy
  1296 | D:2      | Reached XP level 3. HP: 12/30 MP: 3/5
  1428 | D:2      | Learned a level 3 spell: Vampiric Draining
  1474 | D:2      | Reached skill level 1 in Fighting
  1585 | D:2      | Reached XP level 4. HP: 17/38 MP: 0/6
  1750 | D:2      | Reached skill level 6 in Necromancy
  1785 | D:2      | Noticed Natasha
  1794 | D:2      | Killed Natasha
  2428 | D:2      | Found an ancient bone altar of Kikubaaqudgha.
  2430 | D:2      | Found a blossoming altar of Fedhas.
  2448 | D:2      | Noticed Natasha
  2456 | D:2      | Killed Natasha
  2456 | D:2      | Reached XP level 5. HP: 45/45 MP: 2/7
  2640 | D:3      | Noticed Robin
  2695 | D:3      | Killed Robin
  2978 | D:3      | Reached skill level 7 in Necromancy
  3622 | D:3      | Found a sparkling altar of Nemelex Xobeh.
  3742 | D:4      | Noticed Blork the orc
  3802 | D:4      | Reached XP level 6. HP: 14/52 MP: 2/8
  3872 | D:5      | Entered Level 5 of the Dungeon
  3918 | D:5      | HP: 1/55 [gnoll/halberd (12)]
  3919 | D:5      | Slain by a gnoll

Skill      XL: |  1  2  3  4  5 |
---------------+----------------+-----
Necromancy     | 5 6 7 |  7.7
Fighting       | 1 2 |  2.5
Dodging        | |  2.1
Stealth        | |  2.4
Spellcasting   | |  1.7

Action                   |  1- 3 |  4- 6 || total
-------------------------+-------+-------++-------
Melee: Hand axe          |     9 |       ||     9
       Dagger            |    11 |   167 ||   178
 Fire: Hunting sling     |       |    20 ||    20
Throw: Stone             |    18 |       ||    18
 Cast: Pain              |    41 |     7 ||    48
       Vampiric Draining |     2 |    27 ||    29
       Animate Skeleton  |     1 |     5 ||     6
  Use: Potion            |       |     1 ||     1
 Stab: Sleeping          |     2 |       ||     2
  Eat: Chunk             |     3 |    11 ||    14
Armor: Leather armour    |     7 |    71 ||    78
       Robe              |     1 |       ||     1
Dodge: Dodged            |    28 |   136 ||   164
